 Dungeon Crawl Stone Soup version 0.28.0-53-g5a82cb258f (webtiles) character file.

Game seed: 15591536264223896150

80 SanguineChosen the Digger (level 4, -6/33 HPs)
             Began as a Ghoul Earth Elementalist on June 2, 2022.
             Was an Initiate of Makhleb.
             Mangled by Robin
             ... wielding a +2 vorpal falchion
              (7 damage)
             ... on level 3 of the Dungeon.
             The game lasted 00:21:17 (2085 turns).

SanguineChosen the Digger (GhEE)                    Turns: 2085, Time: 00:21:17

Health: -6/33      AC:  2    Str: 11    XL:     4   Next: 39%
Magic:  2/6        EV: 12    Int: 12    God:    Makhleb [......]
Gold:   37         SH:  0    Dex:  9    Spells: 7/8 levels left

rFire   . . .      SeeInvis .   g - +4 short sword
rCold   + . .      Faith    .   (no shield)
rNeg    + + +      Spirit   .   b - +0 robe
rPois   ∞          Reflect  .   (no helmet)
rElec   .          Harm     .   (no cloak)
rCorr   .          Rampage  .   (no gloves)
Will    .....                   (no boots)
Stlth   ++........              (no amulet)
HPRegen 0.00/turn               (no ring)
MPRegen 0.10/turn               (no ring)

@: inhibited regen
A: claws 1, cold resistance 1, negative energy resistance 3, inhibited
regeneration, torment resistance 2
a: Renounce Religion


You were on level 3 of the Dungeon.
You worshipped Makhleb.
Makhleb was noncommittal.
You visited 1 branch of the dungeon, and saw 3 of its levels.

You collected 37 gold pieces.

Inventory:

Hand Weapons
 d - a +0 hand axe
 g - a +4 short sword (weapon)
Missiles
 c - 49 stones
 h - a throwing net
Armour
 b - a +0 robe (worn)
Magical Staves
 j - a staff of fire
Scrolls
 a - 5 scrolls of identify (quivered) {unknown}
 i - a scroll of teleportation {unknown}
 k - a scroll of amnesia {unknown}
Potions
 e - a potion of attraction {unknown}
 f - 2 potions of might {unknown}
 l - a potion of flight {unknown}


   Skills:
 + Level 0.3 Short Blades
 + Level 2.2 Dodging
 + Level 2.7 Stealth
 + Level 2.6 Spellcasting
 + Level 0.8 Transmutations
 + Level 4.1 Earth Magic


You had 7 spell levels left.
You knew the following spells:

 Your Spells              Type           Power      Damage    Failure   Level
a - Sandblast             Erth           22%        2d7       4%          1

Your spell library contained the following spells:

 Spells                   Type           Power      Damage    Failure   Level
 Passwall                 Tmut/Erth      5%         N/A       14%         2
 Apportation              Tloc           2%         N/A       26%         1
 Stone Arrow              Conj/Erth      12%        3d7       32%         3
 Petrify                  Tmut/Erth      7%         N/A       65%         4
 Alistair's Intoxication  Tmut/Pois      1%         N/A       99%         5


Dungeon Overview and Level Annotations

Branches:
Dungeon (3/15)

Altars:
Makhleb
Sif Muna

Shops:
D:1 !

Annotations:
D:3 Robin


Innate Abilities, Weirdness & Mutations

You thrive by killing the living.
You are immune to poison.
You have sharp fingernails.
Your flesh is cold resistant. (rC+)
You are immune to negative energy. (rN+++)
You do not regenerate when monsters are visible.
You are immune to unholy pain and torment.


Message History

Aiming: Sandblast (safe; 4% risk of failure)
Press: ? - help, Shift-Dir - straight line, f - goblin
Aim: a goblin, wielding a +0 dagger (strong, 74% to hit)
The blast of sand hits the goblin.
You kill the goblin!
Makhleb accepts your kill.
You feel better.
c - 49 stones The goblin misses you.
The goblin shoots a stone.
The stone barely misses you.
The stone barely misses the goblin.
Casting: Sandblast (safe; 4% risk of failure)
Confirm with . or Enter, or press ? or * to list all spells.
You don't know that spell.
A goblin and a kobold come into view.
Robin hits you with a +2 vorpal falchion!
The goblin unwields a +0 hunting sling.
The goblin wields a +0 dagger.
The goblin hits you with a +0 dagger.
Things that are here:
a +0 dagger; a +0 club; a goblin corpse You hit the goblin.
You kill the goblin!
Makhleb accepts your kill.
You feel better. The goblin hits you with a +0 dagger.
You hit Robin.
Robin is heavily wounded.
The goblin barely misses you. The goblin hits you with a +0 dagger.
You hit Robin.
Robin is severely wounded.
The goblin barely misses you.
Robin hits you with a +2 vorpal falchion.
* * * LOW HITPOINT WARNING * * *
The goblin hits you with a +0 dagger.
* * * LOW HITPOINT WARNING * * *
The goblin hits you with a +0 dagger.
* * * LOW HITPOINT WARNING * * *
You hit the goblin but do no damage. The goblin barely misses you.
The goblin hits you with a +0 dagger.
* * * LOW HITPOINT WARNING * * *
Robin hits you with a +2 vorpal falchion!
You die...

###### ##....#
##################..##.##
#...........gg@g)..##...##
#.#########.gg######.._..#
#.##...# #..g.....#.8.8.#
#.##...# #..K.#######'###
#.##...# #....# #...#
###.##...####...##### #...#
...........>.........##≈≈≈#
###.###########..######.oo#
....# ..... #####


You could see Robin, 5 goblins and a kobold.

Vanquished Creatures
  An adder (D:3)
  3 gnolls (D:2)
  3 ball pythons
  6 endoplasms (D:2)
  2 giant cockroaches (D:2)
  3 hobgoblins
  2 quokkas (D:1)
  3 bats (D:1)
  2 frilled lizards
  7 goblins
  4 kobolds
  5 rats
41 creatures vanquished.

Notes
Turn   | Place    | Note
-------+----------+-------------------------------------------
     0 | D:1      | SanguineChosen the Ghoul Earth Elementalist began the quest
                  | for the Orb.
     0 | D:1      | Reached XP level 1. HP: 14/14 MP: 2/2
   214 | D:1      | Found Kehivex's Distillery.
   252 | D:1      | Reached XP level 2. HP: 20/20 MP: 0/3
  1102 | D:2      | Reached XP level 3. HP: 23/26 MP: 3/5
  1366 | D:2      | Reached skill level 4 in Earth Magic
  1369 | D:2      | Reached XP level 4. HP: 24/33 MP: 1/6
  1672 | D:3      | Noticed Robin
  1782 | D:3      | Found a burning altar of Makhleb.
  1790 | D:3      | Became a worshipper of Makhleb the Destroyer
  1916 | D:3      | Found a shimmering blue altar of Sif Muna.
  2085 | D:3      | HP: 1/33 [goblin/+0 dagger[Robin] (6)]
  2085 | D:3      | Mangled by Robin

Illustrated notes

Levels and vault maps discovered:
D:1:      minmay_arrival_plants_in_alcoves, layout_basic, serial_shops, shop,
          grunt_decor_arrowhead, lemuel_flame_loot_1
D:2:      layout_basic, serial_glass, glass_columns_c, glass_columns_a,
          glass_columns_a, glass_columns_a, glass_columns_b, glass_columns_c,
          glass_columns_a, glass_columns_c, glass_columns_b, glass_columns_c
D:3:      layout_basic, led_sif_book, mainiacjoe_overflow_alcove_2,
          chequers_serial_rivers_small_b, minmay_checkerbox, uniq_robin

Skill      XL: |  1  2  3 |
---------------+----------+-----
Dodging        | 2 |  2.2
Spellcasting   | 2 |  2.6
Earth Magic    | 4 |  4.1
Short Blades   | |  0.3
Stealth        | |  2.7
Transmutations | |  0.8

Action                   |  1- 3 |  4- 6 || total
-------------------------+-------+-------++-------
Melee: Hand axe          |    11 |       ||    11
       Unarmed           |     1 |       ||     1
       Short sword       |     8 |     7 ||    15
       Staff             |       |     2 ||     2
 Cast: Sandblast         |    35 |    11 ||    46
Armor: Robe              |     8 |     3 ||    11
Dodge: Dodged            |    28 |    10 ||    38
